 Dungeon Crawl Stone Soup version 0.29-a0-350-g7790a0e70a (webtiles) character file.

Game seed: 1626955434700450046

415 spaghetti the Ducker (level 6, -1/44 HPs)
             Began as a Gnoll Wanderer on Apr 23, 2022.
             Slain by a steam dragon (3 damage)
             ... on level 4 of the Dungeon.
             The game lasted 00:08:13 (3725 turns).

spaghetti the Ducker (Gnoll Wanderer)               Turns: 3725, Time: 00:08:13

Health: -1/44      AC:  4    Str: 13    XL:     6   Next: 91%
Magic:  9/9        EV: 13    Int: 12    God:
Gold:   171        SH:  0    Dex: 11    Spells: 8/9 levels left

rFire   . . .      SeeInvis .   a - +2 short sword (elec) {short}
rCold   + . .      Faith    .   (no shield)
rNeg    . . .      Spirit   .   e - +0 leather armour
rPois   .          Reflect  .   o - +0 helmet
rElec   .          Harm     .   (no cloak)
rCorr   .          Rampage  .   (no gloves)
Will    .....                   (no boots)
Stlth   ++........              (no amulet)
HPRegen 0.14/turn               m - ring of protection from cold
MPRegen 0.11/turn               (no ring)

@: mighty
A: fangs 1, strong nose, distributed training
a: no special abilities


You were on level 4 of the Dungeon.
You visited 1 branch of the dungeon, and saw 4 of its levels.

You collected 171 gold pieces.


Innate Abilities, Weirdness & Mutations

You have very sharp teeth.
Your uncanny sense of smell can sniff out nearby items.
Your experience applies equally to all skills.


   Skills:
 + Level 2.1 Fighting
 + Level 2.1 Short Blades
 + Level 6.9 Long Blades
 + Level 2.1 Axes
 + Level 2.1 Maces & Flails
 + Level 2.1 Polearms
 + Level 2.1 Staves
 + Level 2.1 Slings
 + Level 2.1 Bows
 + Level 2.1 Crossbows
 + Level 2.1 Throwing
 + Level 3.4 Armour
 + Level 6.9 Dodging
 + Level 3.2 Stealth
 + Level 2.1 Shields
 + Level 2.1 Unarmed Combat
 + Level 2.1 Spellcasting
 + Level 1.7 Conjurations
 + Level 1.7 Hexes
 + Level 1.7 Summonings
 + Level 1.7 Necromancy
 + Level 1.7 Translocations
 + Level 1.7 Transmutations
 + Level 1.7 Fire Magic
 + Level 1.7 Ice Magic
 + Level 1.7 Air Magic
 + Level 1.7 Earth Magic
 + Level 1.7 Poison Magic
 + Level 2.4 Invocations
 + Level 5.1 Evocations


You had 8 spell levels left.
You knew the following spells:

 Your Spells              Type           Power      Damage    Failure   Level
a - Animate Skeleton      Necr           10%        N/A       16%         1

Your spell library contained the following spells:

 Spells                   Type           Power      Damage    Failure   Level
 Shock                    Conj/Air       20%        1d4       16%         1
 Sublimation of Blood     Necr           5%         N/A       24%         2
 Wereblood                Tmut           5%         N/A       24%         2
 Swiftness                Air            5%         N/A       43%         3
 Airstrike                Air            2%         N/A       85%         4
 Summon Hydra             Summ           2%         N/A       100%        7

Inventory:

Hand Weapons
 a - a +2 short sword of electrocution (weapon) {short}
   (You took it off a kobold on level 3 of the Dungeon)
 b - a +3 hunting sling {sling}
   (You found it on level 1 of the Dungeon)
 s - a +0 falchion {long}
Missiles
 f - 2 boomerangs of dispersal {=f!fthrowing}
 h - 150 stones {throwing}
Armour
 c - a +0 helmet
 e - a +0 leather armour (worn)
 o - a +0 helmet (worn)
   (You found it on level 2 of the Dungeon)
Jewellery
 m - a ring of protection from cold (left hand)
   (You found it on level 2 of the Dungeon)
 r - a ring of protection from cold
   (You found it on level 3 of the Dungeon)
Scrolls
 g - a scroll of amnesia {unknown}
 j - 5 scrolls of identify {unknown}
 p - a scroll of torment {unknown}
Potions
 q - a potion of brilliance

Dungeon Overview and Level Annotations

Branches:
Dungeon (4/15)
 Temple: D:4-7

Altars:
Gozag

Shops:
D:2 (   D:3 =

Annotations:
D:4 1 exclusion

#.....## ##########
#..#### ....<†...####
###.###### ########....##
####....#...##
####..#####............##
##..........†........#
######.#.........)..#
##....).§§..........#
###§.§D@####.........##
#####..§§########...#...##
......##.# #.....#######
...... #§##D..##### #.###
..... ##..#####.#
.####.....(.D.. ∆
.o..†.<..g.....
.#..#.......... ∆


You could see a steam dragon (catching breath).


Message History

There is an escape hatch in the ceiling here.
There is a stone staircase leading down here.
You climb downwards.
There is a stone staircase leading up here.
The helpless iguana fails to defend itself.
You hit the iguana.
The ball python hisses angrily.
The iguana closely misses you.
You hit the iguana. The iguana barely misses you.
You hit the iguana but do no damage. Your bite misses the iguana.
The iguana bites you but does no damage.
You closely miss the iguana. The iguana completely misses you.
You hit the iguana but do no damage. Lightning courses through the iguana!
The iguana completely misses you.
You closely miss the iguana. The iguana bites you. 😕 HP[-4]
You take 4 damage, and now have 40/44 hp.
You closely miss the iguana. The iguana barely misses you.
You hit the iguana. Lightning courses through the iguana!
You kill the iguana!
You hit the ball python.
Lightning courses through the ball python!
You kill the ball python!
You see here an iguana corpse.
You are too injured to fight recklessly!
Press: ? - help, v - describe, . - travel The floor.
Placed new exclusion.
Reduced exclusion size to a single square.
Removed exclusion.
Placed new exclusion.
Reduced exclusion size to a single square.
Key pressed, stopping explore. 😎 HP[+4]
Your hp is fully restored (44).
h - 150 stones {throwing} (gained 22) Key pressed, stopping explore.
The orc shouts!
You hear a bark!
The steam dragon breathes steam at you. The ball of steam hits you!!
You hear an angry hiss. 😮 HP[-20]
You take 20 damage, and now have 24/44 hp.
MASSIVE DAMAGE!! (PAUSE) Unknown command. 😮 HP[+1] 😮 HP[+1]
A ball python comes into view.
You start resting.
There are monsters nearby! 😮 HP[+1]
A ball python is nearby!
You are too injured to fight recklessly!
You are too injured to fight recklessly!
You are too injured to fight recklessly!
You are too injured to fight recklessly!
You are too injured to fight recklessly!
You are too injured to fight recklessly!
The ball python hisses angrily.
The ball python closely misses you. The ball python grabs you.
The ball python constricts you.
The ball python bites you but does no damage.
The ball python constricts you.
You hit the ball python.
You kill the ball python!
You start resting.
An orc is nearby! 😮 HP[+2]
You regained 2 hp, and now have 29/44 hp. 😮 HP[+1]
You closely miss the orc. The orc barely misses you.
The steam dragon hisses angrily.
You hit the orc. Your bite misses the orc. The orc barely misses you.
You hit the orc.
You kill the orc!
The steam dragon breathes steam at you. The ball of steam misses you.
You are engulfed in a cloud of scalding steam.
Things that are here:
a +0 hand axe {axe}; a +0 leather armour; an orc corpse 😮 HP[-5]
You take 5 damage, and now have 25/44 hp. 😮 HP[+1]
You are engulfed in a cloud of scalding steam.
* * * LOW HITPOINT WARNING * * *
The steam dragon breathes steam at you. The ball of steam hits you!
* * * LOW HITPOINT WARNING * * *
You hear a bark! 😱 HP[-24]
You take 24 damage, and now have 2/44 hp.
MASSIVE DAMAGE!! (PAUSE)
Okay, then.
Okay, then.
You aren't carrying any items that you can evoke.
Unknown command.
Okay, then.
You feel very mighty all of a sudden. The steam dragon closely misses you.
The steam dragon claws you.
You die...

Skill      XL: |  1  2  3  4  5 |
---------------+----------------+-----
Invocations    | 1 2 |  2.4
Fighting       | 1 2 |  2.1
Short Blades   | 1 2 |  2.1
Axes           | 1 2 |  2.1
Maces & Flails | 1 2 |  2.1
Polearms       | 1 2 |  2.1
Staves         | 1 2 |  2.1
Slings         | 1 2 |  2.1
Bows           | 1 2 |  2.1
Crossbows      | 1 2 |  2.1
Throwing       | 1 2 |  2.1
Shields        | 1 2 |  2.1
Unarmed Combat | 1 2 |  2.1
Spellcasting   | 1 2 |  2.1
Conjurations   | 1 |  1.7
Hexes          | 1 |  1.7
Summonings     | 1 |  1.7
Necromancy     | 1 |  1.7
Translocations | 1 |  1.7
Transmutations | 1 |  1.7
Fire Magic     | 1 |  1.7
Ice Magic      | 1 |  1.7
Air Magic      | 1 |  1.7
Earth Magic    | 1 |  1.7
Poison Magic   | 1 |  1.7
Armour         | 3 |  3.4
Stealth        | 3 |  3.2
Evocations     | 5 |  5.1
Long Blades    | |  6.9
Dodging        | |  6.9

Action                   |  1- 3 |  4- 6 || total
-------------------------+-------+-------++-------
Melee: Falchion          |    36 |    28 ||    64
       Bite              |     5 |     4 ||     9
       Punch             |     2 |       ||     2
       Short sword       |       |    43 ||    43
 Fire: Hunting sling     |    70 |    38 ||   108
Evoke: Wand              |       |     3 ||     3
  Use: Potion            |       |     7 ||     7
       Scroll            |       |     1 ||     1
 Stab: Sleeping          |       |     1 ||     1
Armor: Leather armour    |    14 |    24 ||    38
Dodge: Dodged            |    38 |    73 ||   111

Levels and vault maps discovered:
D:1:      nicolae_arrival_somewhat_less_tricky_arrival, layout_basic,
          shapermc_ecumenical_altar_rom_forum, serial_glass, glass_columns_a,
          glass_columns_a, glass_columns_b, glass_columns_c
D:2:      layout_basic, serial_shops, nicolae_shop_advertising_works
          [nicolae_subvault_shop_adworks]
D:3:      layout_basic, serial_shops, nicolae_shop_trees, uniq_grinder
D:4:      layout_rooms, nicolae_gozag_seed_capital, kennysheep_slug_shrine,
          minmay_temple_entry_ruins, serial_shops, shop_statue, uniq_sigmund

Notes
Turn   | Place    | Note
-------+----------+-------------------------------------------
     0 | D:1      | spaghetti the Gnoll Wanderer began the quest for the Orb.
     0 | D:1      | spaghetti set off with the following items: a +0 falchion
                  | {long}, a wand of acid (3), a +0 helmet, a potion of
                  | berserk rage {!q}, a +0 leather armour
     0 | D:1      | Reached XP level 1. HP: 13/13 MP: 1/1
     0 | D:1      | magus.rc [v1.9.6]
   160 | D:1      | Reached XP level 2. HP: 16/19 MP: 2/2
   374 | D:1      | Found a faded altar of an unknown god.
   380 | D:1      | Got Plato's Compendium of Unholy Arts
   383 | D:1      | Learned a level 1 spell: Animate Skeleton
   599 | D:1      | You pick up a book of Blood and begin reading...
   599 | D:1      | You add the spells Sublimation of Blood, Wereblood and
                  | Summon Hydra to your library.
   658 | D:1      | Reached XP level 3. HP: 25/25 MP: 3/3
   954 | D:2      | Found Averija's Weapon Shop.
   975 | D:2      | You pick up a book of Air and begin reading...
   975 | D:2      | You add the spells Shock, Swiftness and Airstrike to your
                  | library.
  1123 | D:2      | Reached skill level 1 in Invocations
  1360 | D:2      | magus.rc [v1.9.6]
  1363 | D:2      | Reached skill level 1 in Fighting
  1363 | D:2      | Reached skill level 1 in Short Blades
  1363 | D:2      | Reached skill level 1 in Axes
  1363 | D:2      | Reached skill level 1 in Maces & Flails
  1363 | D:2      | Reached skill level 1 in Polearms
  1363 | D:2      | Reached skill level 1 in Staves
  1363 | D:2      | Reached skill level 1 in Slings
  1363 | D:2      | Reached skill level 1 in Bows
  1363 | D:2      | Reached skill level 1 in Crossbows
  1363 | D:2      | Reached skill level 1 in Throwing
  1363 | D:2      | Reached skill level 1 in Shields
  1363 | D:2      | Reached skill level 1 in Unarmed Combat
  1363 | D:2      | Reached skill level 1 in Spellcasting
  1918 | D:3      | Reached XP level 4. HP: 12/32 MP: 5/5
  2124 | D:3      | Found Ficwoip's Jewellery Shop.
  2166 | D:3      | Reached skill level 1 in Conjurations
  2166 | D:3      | Reached skill level 1 in Hexes
  2166 | D:3      | Reached skill level 1 in Summonings
  2166 | D:3      | Reached skill level 1 in Necromancy
  2166 | D:3      | Reached skill level 1 in Translocations
  2166 | D:3      | Reached skill level 1 in Transmutations
  2166 | D:3      | Reached skill level 1 in Fire Magic
  2166 | D:3      | Reached skill level 1 in Ice Magic
  2166 | D:3      | Reached skill level 1 in Air Magic
  2166 | D:3      | Reached skill level 1 in Earth Magic
  2166 | D:3      | Reached skill level 1 in Poison Magic
  2169 | D:3      | HP: 6/32 [quokka (3)]
  2824 | D:3      | You fall into a shaft and drop 1 floor!
  2824 | D:4      | Noticed a steam dragon
  2825 | D:4      | Found an opulent altar of Gozag.
  2845 | D:3      | Reached XP level 5. HP: 37/37 MP: 6/6
  2941 | D:3      | Noticed Grinder
  2954 | D:3      | HP: 1/37 [Grinder/nerve-wracking pain (10)]
  2965 | D:3      | Killed Grinder
  2966 | D:3      | Reached skill level 2 in Fighting
  2966 | D:3      | Reached skill level 2 in Short Blades
  2966 | D:3      | Reached skill level 2 in Axes
  2966 | D:3      | Reached skill level 2 in Maces & Flails
  2966 | D:3      | Reached skill level 2 in Polearms
  2966 | D:3      | Reached skill level 2 in Staves
  2966 | D:3      | Reached skill level 2 in Slings
  2966 | D:3      | Reached skill level 2 in Bows
  2966 | D:3      | Reached skill level 2 in Crossbows
  2966 | D:3      | Reached skill level 2 in Throwing
  2966 | D:3      | Reached skill level 3 in Armour
  2966 | D:3      | Reached skill level 3 in Stealth
  2966 | D:3      | Reached skill level 2 in Shields
  2966 | D:3      | Reached skill level 2 in Unarmed Combat
  2966 | D:3      | Reached skill level 2 in Spellcasting
  2966 | D:3      | Reached skill level 2 in Invocations
  2966 | D:3      | Reached skill level 5 in Evocations
  2966 | D:3      | Reached XP level 6. HP: 4/44 MP: 6/9
  3287 | D:4      | HP: 9/44 [bullfrog (3)]
  3293 | D:4      | HP: 9/44 [goblin/+0 dagger (2)]
  3723 | D:4      | HP: 2/44 [steam dragon/ball of steam (17)]
  3725 | D:4      | Slain by a steam dragon

Vanquished Creatures
  Grinder (D:3)
  A bullfrog (D:4)
  An iguana (D:4)
  An orc wizard (D:3)
  2 adders
  2 worms (D:3)
  5 orcs
  3 bats
  6 endoplasms
  5 giant cockroaches
  6 hobgoblins
  3 jackals (D:1)
  5 kobolds
  6 quokkas
  7 ball pythons
  3 frilled lizards
  6 goblins
  4 rats
67 creatures vanquished.

Table legend:
 A = Non-vault XP
 B = Vault XP
 C = Vault XP percentage of total XP
 D = Non-vault monster count
 E = Vault monster count
 F = Vault count percentage of total count
                 A         B        C        D         E       F
            +---------+---------+-------+---------+---------+-------
      Total |     303 |     290 |  48.9 |      66 |       1 |   1.5
            +---------+---------+-------+---------+---------+-------
        D:1 |      42 |       0 |   0.0 |      24 |       0 |   0.0
        D:2 |      31 |       0 |   0.0 |      13 |       0 |   0.0
        D:3 |      98 |     290 |  74.7 |      24 |       1 |   4.0
        D:4 |     132 |       0 |   0.0 |       5 |       0 |   0.0
            +---------+---------+-------+---------+---------+-------

Illustrated notes

Table legend:
 A = Kills in this place as a percentage of kills in entire the game.
 B = Kills by you in this place as a percentage of kills by you in the entire game.
 C = Kills by friends in this place as a percentage of kills by friends in the entire game.
 D = Other kills in this place as a percentage of other kills in the entire game.
 E = Experience gained in this place as a percentage of experience gained in the entire game.
 F = Experience gained in this place divided by the number of levels of this place that you have seen.
                   A       B       C       D       E      F
               +-------+-------+-------+-------+-------+----------------------
         Total | 100.0 | 100.0 |   N/A |   N/A | 100.0 | 148.2
       Dungeon | 100.0 | 100.0 |   N/A |   N/A | 100.0 | 148.2
               +-------+-------+-------+-------+-------+----------------------

Table legend: (Time is in decaauts)
 A = Elapsed time spent in this place.
 B = Non-inter-level travel time spent in this place.
 C = Inter-level travel time spent in this place.
 D = Time resting spent in this place.
 E = Time spent auto-exploring this place.
 F = Levels seen in this place.
 G = Mean time per level.
                   A        B        C        D        E       F      G
               +--------+--------+--------+--------+--------+-----+--------+
         Total |   3781 |   3678 |    103 |    759 |   2458 |   4 |  945.2 |
       Dungeon |   3781 |   3678 |    103 |    759 |   2458 |   4 |  945.2 |
               +--------+--------+--------+--------+--------+-----+--------+

Top non-repeatable levels by time:
     D:3: 1771 daAuts
     D:1: 967 daAuts
     D:2: 888 daAuts
     D:4: 153 daAuts
